 Dungeon Crawl Stone Soup version 0.18.1-8-gdd0e5ea (webtiles) character file.

866 Scarto the Skirmisher (level 7, -1/56 HPs)
             Began as a Demonspawn Fighter on May 21, 2016.
             Was an Initiate of Qazlal.
             Killed by divine providence
             ... invoked by an orc priest
              (14 damage)
             ... on level 5 of the Dungeon.
             The game lasted 00:08:48 (5052 turns).

Scarto the Skirmisher (Demonspawn Fighter)          Turns: 5052, Time: 00:08:49

Health: -1/56      AC: 17    Str: 18    XL:     7   Next: 72%
Magic:  7/7        EV:  2    Int: 11    God:    Qazlal [......]
Gold:   176        SH: 10    Dex: 13    Spells: 0 memorised, 6 levels left

rFire  . . .     SeeInvis .     a - +0 war axe
rCold  + . .     Gourm    .     p - +2 plate armour
rNeg   . . .     Faith    .     c - +0 shield
rPois  .         Spirit   .     (no helmet)
rElec  .         Dismiss  .     (no cloak)
rCorr  .         Reflect  .     (no gloves)
SustAt .         Harm     .     (no boots)
MR     .....                    (no amulet)
Stlth  ..........               (no ring)
                                l - +2 ring of intelligence

@: not resistant to hostile enchantments, extremely unstealthy
A: icy blue scales 2, cold resistance 1, freezing cloud immunity
a: Renounce Religion


You were on level 5 of the Dungeon.
You worshipped Qazlal.
Qazlal was noncommittal.
You were not hungry.

You visited 1 branch of the dungeon, and saw 5 of its levels.

You collected 176 gold pieces.

Inventory:

Hand Weapons
 a - a +0 war axe (weapon)
Armour
 c - a +0 shield (worn)
 f - the +2 robe of Inviolability {rC+ Str+3 SInv}
   (You found it on level 4 of the Dungeon)

   It affects your strength (+3).
   It protects you from cold.
   It lets you see invisible.
 p - a +2 plate armour (worn)
Jewellery
 l - a +2 ring of intelligence (left hand)
Scrolls
 o - a scroll of fog {unknown}
 q - 2 scrolls of teleportation
 s - a scroll of identify
Potions
 b - a potion of lignification
 d - 3 potions of might
 e - a potion of resistance {unknown}
 h - a potion of curing
 i - a potion of heal wounds {unknown}
 m - a potion of haste {unknown}
 n - a potion of degeneration {unknown}
 r - 2 potions of invisibility {unknown}
Comestibles
 g - a beef jerky
 j - 4 fruits
 k - a bread ration


   Skills:
 + Level 5.2 Fighting
 + Level 4.4 Axes
 + Level 4.5 Armour
 + Level 5.0 Shields


You had 6 spell levels left.
You didn't know any spells.

Dungeon Overview and Level Annotations

Branches:
Dungeon (5/15)
 Temple: D:4-7

Altars:
Cheibriados
Gozag
Kikubaaqudgha
Qazlal
Ru
Xom


Innate Abilities, Weirdness & Mutations

You are mostly covered in icy blue scales (AC +3, EV -1).
Your flesh is cold resistant.
You are immune to freezing clouds.


Message History

* * * LOW HITPOINT WARNING * * *
Unknown command.
You closely miss the orc priest.
The orc priest is almost dead.
You block the orc wizard's attack.
The orc priest calls upon Beogh to heal the orc priest.
The orc priest is healed somewhat.
You block the orc priest's attack.
The orc wizard hits you but does no damage.
Unknown command.
You closely miss the orc priest.
The orc priest is heavily wounded.
You hit the orc wizard.
You kill the orc wizard!
Qazlal accepts your kill.
The orc priest calls down the wrath of Beogh upon you.
Pain shoots through your body!
* * * LOW HITPOINT WARNING * * *
The orc priest mumbles some strange prayers to Beogh against you.
Beogh smites you!
You die...

........... ..
....##.######. ...
#....# ##. ... #......
#(. ..# # ....... #..
####o#.#......<# #..
#..##o#......... #..
....##o?....... #..
......†@.....# .># #..
.......)....####.#####..
....##?.............##.#
#.. #.#.............##..
# #.#.#............##..
..#.##................
....##.#........###.#..
.......#.#..............
........##..............


You could see 2 orc priests and an orc.

Vanquished Creatures
  Grinder (D:4)
  A phantom (D:4)
  A scorpion (D:4)
  A centaur skeleton (D:5)
  3 orc priests (D:4)
  A giant frog skeleton (D:4)
  6 orc wizards
  2 worker ants
  6 adders
  A shadow imp (D:5)
  4 oozes
  5 dart slugs
  2 giant geckos
  13 orcs
  7 giant cockroaches
  9 goblins
  10 hobgoblins
  2 jackals (D:1)
  2 quokkas
  A ball python (D:4)
  6 bats
  2 giant newts
  7 kobolds
  10 rats
103 creatures vanquished.

Notes
Turn   | Place    | Note
--------------------------------------------------------------
     0 | D:1      | Scarto the Demonspawn Fighter began the quest for the Orb.
     0 | D:1      | Reached XP level 1. HP: 18/18 MP: 1/1
   129 | D:1      | Gained mutation: Your flesh is cold resistant. [demonic ancestry]
   129 | D:1      | Reached XP level 2. HP: 24/24 MP: 2/2
   589 | D:1      | Found a snail-covered altar of Cheibriados.
   667 | D:1      | Gained mutation: You are partially covered in icy blue scales (AC +1). [demonic ancestry]
   667 | D:1      | Reached XP level 3. HP: 22/29 MP: 3/3
  1057 | D:2      | Found a faded altar to an unknown god.
  1569 | D:2      | Reached XP level 4. HP: 35/35 MP: 4/4
  1742 | D:2      | Found an ancient bone altar of Kikubaaqudgha.
  1745 | D:2      | Found a sacrificial altar of Ru.
  1748 | D:2      | Found an opulent altar of Gozag.
  2062 | D:3      | Found a shimmering altar of Xom.
  2817 | D:4      | Reached XP level 5. HP: 41/41 MP: 5/5
  2874 | D:4      | Got a heavy robe
  2885 | D:4      | Identified the +2 robe of Inviolability {rC+ Str+3 SInv} (You found it on level 4 of the Dungeon)
  3288 | D:4      | Gained mutation: You are mostly covered in icy blue scales (AC +3, EV -1). [demonic ancestry]
  3288 | D:4      | Reached XP level 6. HP: 10/48 MP: 6/6
  4327 | D:4      | Gained mutation: You are immune to freezing clouds. [demonic ancestry]
  4327 | D:4      | Reached XP level 7. HP: 55/55 MP: 7/7
  4442 | D:4      | Noticed Grinder
  4449 | D:4      | Paralysed by Grinder for 5 turns
  4460 | D:4      | Killed Grinder
  4818 | D:4      | Found a stormy altar of Qazlal.
  4821 | D:4      | Reached skill level 5 in Fighting
  4840 | D:4      | Became a worshipper of Qazlal Stormbringer
  4891 | D:5      | Entered Level 5 of the Dungeon
  5036 | D:5      | Reached skill level 5 in Shields
  5052 | D:5      | Killed from afar by an orc priest

Skill      XL: |  1  2  3  4  5  6  7 |
---------------+----------------------+-----
Axes           | 2 3 4 |  4.4
Shields        | 3 4 5 |  5.0
Armour         | 3 4 |  4.5
Fighting       | 4 5 |  5.2

Action                   |  1- 3 |  4- 6 |  7- 9 || total
-------------------------+-------+-------+-------++-------
Melee: War axe           |   147 |   230 |    66 ||   443
  Use: Scroll            |       |     7 |       ||     7
       Potion            |       |       |     2 ||     2
  Eat: Bread ration      |     1 |       |       ||     1
       Meat ration       |       |     1 |     1 ||     2
       Beef jerky        |       |     1 |       ||     1
Armor: Scale mail        |    49 |       |       ||    49
       Plate armour      |    45 |   177 |    47 ||   269
Dodge: Dodged            |    29 |    19 |     8 ||    56
Block: Shield            |    59 |   104 |    33 ||   196
